TOP OF THE 1ST |
Los Angeles Dodgers batting - Pitching for St. Louis Cardinals : RHP Josh Weinmann
|
Pitching: RHP Josh Weinmann
|
|
Batting: SHB Joel Baker
|
0-0: Foul Ball, location: 2F 0-1: SINGLE (Line Drive, 89M, EV 100.6 MPH)
|
Batting: RHB Tsutomu Irie
|
0-0: Fly out, F8 (Flyball, 8LXD, EV 85.0 MPH)
|
Batting: LHB Bob Branham
|
0-0: Swinging Strike 0-1: Foul Ball, location: 2F 0-2: Strikes out swinging
|
Batting: LHB Lirak Bazhunaishvili
|
0-0: Ball 1-0: Ball 2-0: Ball 3-0: SINGLE (Line Drive, 8RS, EV 97.5 MPH) Joel Baker to second
|
Batting: RHB Clay Buchanan
|
0-0: Foul Ball, location: 2F 0-1: Ball 1-1: SINGLE (Groundball, 4MD, EV 101.2 MPH) Joel Baker to third Lirak Bazhunaishvili to second Runner from 3rd tries for Home, SAFE, throw by CF to home
|
Batting: LHB Ryan Taylor
|
0-0: Ball 1-0: Ball 2-0: Ball 3-0: Base on Balls Lirak Bazhunaishvili to third Clay Buchanan to second
|
Batting: SHB Carlos Rodriguez
|
0-0: Called Strike 0-1: Foul Ball, location: 2F 0-2: Ball 1-2: Ball 2-2: Foul Ball, location: 2F 2-2: Ball 3-2: Base on Balls Lirak Bazhunaishvili scores Clay Buchanan to third Ryan Taylor to second
|
Batting: RHB Ben Mischnick
|
0-0: Foul Ball, location: 2F 0-1: Ball 1-1: Swinging Strike 1-2: SINGLE (Line Drive, 9S, EV 105.6 MPH) Clay Buchanan scores Ryan Taylor to third Carlos Rodriguez to second Runner from 3rd tries for Home, SAFE, throw by RF to home
|
Batting: LHB Dalton Silveira
|
0-0: Ball 1-0: Foul Ball, location: 2F 1-1: Ball 2-1: Called Strike 2-2: Ground out 4-3 (Groundball, 34, EV 101.2 MPH)
|
Top of the 1st over - 4 runs, 4 hits, 0 errors, 2 left on base; Los Angeles 4 - St. Louis 0 |
BOTTOM OF THE 1ST |
St. Louis Cardinals batting - Pitching for Los Angeles Dodgers : RHP Ray Scifo
|
Pitching: RHP Ray Scifo
|
|
Batting: RHB Nick Gentzel
|
0-0: Ball 1-0: Ball 2-0: Fly out, F8 (Flyball, 8RS, EV 81.9 MPH)
|
Batting: LHB Ben Rubenacker
|
0-0: Called Strike 0-1: Ground out U3 (Groundball, 3, EV 99.4 MPH)
|
Batting: SHB Antoine Roux
|
0-0: Ball 1-0: Foul Ball, location: 2F 1-1: Swinging Strike 1-2: Foul Ball, location: 2F 1-2: Ball 2-2: Strikes out swinging
|
Bottom of the 1st over - 0 runs, 0 hits, 0 errors, 0 left on base; Los Angeles 4 - St. Louis 0 |
TOP OF THE 2ND |
Los Angeles Dodgers batting - Pitching for St. Louis Cardinals : RHP Josh Weinmann
|
Batting: SHB Joel Baker
|
0-0: Ball 1-0: Called Strike 1-1: Foul Ball, location: 2F 1-2: Strikes out looking
|
Batting: RHB Tsutomu Irie
|
0-0: Ball 1-0: DOUBLE (Flyball, 8RXD, EV 99.4 MPH)
|
Batting: LHB Bob Branham
|
0-0: Ball 1-0: SINGLE (Line Drive, 8LS, EV 93.1 MPH) Tsutomu Irie to third Runner from 3rd tries for Home, SAFE, throw by CF to home
|
Batting: LHB Lirak Bazhunaishvili
|
0-0: Ball 1-0: Foul Ball, location: 2F 1-1: Ball 2-1: Foul Ball, location: 2F 2-2: Grounds into double play, U3-6 (Groundball, 3L, EV 87.5 MPH)
|
Top of the 2nd over - 1 run, 2 hits, 0 errors, 0 left on base; Los Angeles 5 - St. Louis 0 |
BOTTOM OF THE 2ND |
St. Louis Cardinals batting - Pitching for Los Angeles Dodgers : RHP Ray Scifo
|
Batting: LHB Zack Berney
|
0-0: Called Strike 0-1: Ball 1-1: Swinging Strike 1-2: Foul Ball, location: 2F 1-2: Strikes out swinging
|
Batting: RHB Cole Bittner
|
0-0: Called Strike 0-1: Swinging Strike 0-2: Ball 1-2: Ground out 5-3 (Groundball, 5, EV 85.6 MPH)
|
Batting: RHB Pavpv Ivanushkin
|
0-0: Ball 1-0: Fly out, F8 (Line Drive, 8LD, EV 95.6 MPH)
|
Bottom of the 2nd over - 0 runs, 0 hits, 0 errors, 0 left on base; Los Angeles 5 - St. Louis 0 |
TOP OF THE 3RD |
Los Angeles Dodgers batting - Pitching for St. Louis Cardinals : RHP Josh Weinmann
|
Batting: RHB Clay Buchanan
|
0-0: Swinging Strike 0-1: Ball 1-1: Ball 2-1: Ball 3-1: Foul Ball, location: 2F 3-2: Base on Balls
|
Pitching: RHP Brian Sanderson
|
|
Batting: LHB Ryan Taylor
|
0-0: Ball Clay Buchanan steals 2nd base 1-0: Foul Ball, location: 2F 1-1: Foul Ball, location: 2F 1-2: Foul Ball, location: 2F 1-2: Ball 2-2: SINGLE (Groundball, 6S, EV 65.6 MPH) (infield hit) Clay Buchanan to third
|
Batting: SHB Carlos Rodriguez
|
0-0: Ball 1-0: Ball 2-0: Ball 3-0: Foul Ball, location: 2F 3-1: Foul Ball, location: 2F 3-2: Strikes out swinging Ryan Taylor steals 2nd base Batter strikes out.
|
Batting: RHB Ben Mischnick
|
0-0: Called Strike 0-1: Foul Ball, location: 2F 0-2: Fly out, F4 (Popup, 3S, EV 82.5 MPH)
|
Batting: LHB Dalton Silveira
|
0-0: Called Strike 0-1: Ball 1-1: Ball 2-1: TRIPLE (Line Drive, 89XD, EV 105.6 MPH) Clay Buchanan scores Ryan Taylor scores
|
Batting: SHB Joel Baker
|
0-0: Swinging Strike 0-1: Ball 1-1: Ball 2-1: Ball 3-1: Base on Balls
|
Batting: RHB Tsutomu Irie
|
0-0: Ball 1-0: Ball 2-0: Called Strike 2-1: Fielders Choice at 2nd, 6-4 (Groundball, 6, EV 83.1 MPH)
|
Top of the 3rd over - 2 runs, 2 hits, 0 errors, 2 left on base; Los Angeles 7 - St. Louis 0 |
BOTTOM OF THE 3RD |
St. Louis Cardinals batting - Pitching for Los Angeles Dodgers : RHP Ray Scifo
|
Batting: RHB Branden Cavalcante
|
0-0: Called Strike 0-1: Ground out 5-3 (Groundball, 56, EV 88.8 MPH)
|
Batting: RHB Jason Gress
|
0-0: Ball 1-0: Ball 2-0: Ball 3-0: Fly out, F7 (Flyball, 78S, EV 93.8 MPH)
|
Batting: RHB Dustin Clark
|
0-0: Fly out, F5 (Popup, 56S, EV 86.2 MPH)
|
Bottom of the 3rd over - 0 runs, 0 hits, 0 errors, 0 left on base; Los Angeles 7 - St. Louis 0 |
TOP OF THE 4TH |
Los Angeles Dodgers batting - Pitching for St. Louis Cardinals : RHP Brian Sanderson
|
Batting: LHB Bob Branham
|
0-0: Called Strike 0-1: Ball 1-1: Ball 2-1: Ball 3-1: Base on Balls
|
Batting: LHB Lirak Bazhunaishvili
|
0-0: Ball 1-0: Ball 2-0: Ball 3-0: Foul Ball, location: 2F 3-1: Foul Ball, location: 2F 3-2: Foul Ball, location: 2F 3-2: Foul Ball, location: 2F 3-2: Base on Balls Bob Branham to second
|
Batting: RHB Clay Buchanan
|
0-0: SINGLE (Line Drive, 7S, EV 111.9 MPH) Bob Branham to third Lirak Bazhunaishvili to second
|
Batting: LHB Ryan Taylor
|
0-0: Ball 1-0: Called Strike 1-1: Foul Ball, location: 2F 1-2: Strikes out swinging
|
Batting: SHB Carlos Rodriguez
|
0-0: Foul Ball, location: 2F 0-1: Foul Ball, location: 2F 0-2: Foul Ball, location: 2F 0-2: Ball 1-2: Ball 2-2: Foul Ball, location: 2F 2-2: Foul Ball, location: 2F 2-2: Ball 3-2: Base on Balls Bob Branham scores Lirak Bazhunaishvili to third Clay Buchanan to second
|
Batting: RHB Ben Mischnick
|
0-0: Fly out, F9 (Flyball, 89S, EV 88.8 MPH) Runner from 3rd tags up, SCORES, throw by RF Clay Buchanan to third
|
Batting: LHB Dalton Silveira
|
0-0: Ground out 4-3 (Groundball, 4, EV 83.1 MPH)
|
Top of the 4th over - 2 runs, 1 hit, 0 errors, 2 left on base; Los Angeles 9 - St. Louis 0 |
BOTTOM OF THE 4TH |
St. Louis Cardinals batting - Pitching for Los Angeles Dodgers : RHP Ray Scifo
|
Batting: RHB Nick Gentzel
|
0-0: Fly out, F9 (Flyball, 89M, EV 80.0 MPH)
|
Batting: LHB Ben Rubenacker
|
0-0: Called Strike 0-1: Ball 1-1: Ball 2-1: Ball 3-1: SOLO HOME RUN (Line Drive, 7D, EV 109.4 MPH), Distance : 387 ft
|
Batting: SHB Antoine Roux
|
0-0: Ball 1-0: Ball 2-0: Foul Ball, location: 2F 2-1: SOLO HOME RUN (Flyball, 89XD, EV 99.4 MPH), Distance : 387 ft
|
Batting: LHB Zack Berney
|
0-0: Ball 1-0: Called Strike 1-1: SINGLE (Line Drive, 6D, EV 101.2 MPH)
|
Batting: RHB Cole Bittner
|
0-0: Ball Zack Berney steals 2nd base 1-0: Ground out 1-3 (Groundball, P, EV 65.0 MPH) Zack Berney to third
|
Batting: RHB Pavpv Ivanushkin
|
0-0: Called Strike 0-1: Called Strike 0-2: Ball 1-2: Strikes out looking
|
Bottom of the 4th over - 2 runs, 3 hits, 0 errors, 1 left on base; Los Angeles 9 - St. Louis 2 |
TOP OF THE 5TH |
Los Angeles Dodgers batting - Pitching for St. Louis Cardinals : RHP Brian Sanderson
|
Batting: SHB Joel Baker
|
0-0: Ball 1-0: Ball 2-0: Ball 3-0: Called Strike 3-1: Ground out 3-1 (Groundball, 34S, EV 69.4 MPH)
|
Batting: RHB Tsutomu Irie
|
0-0: SINGLE (Groundball, 34D, EV 102.5 MPH)
|
Pitching: RHP Andy Montelongo
|
|
Batting: LHB Bob Branham
|
0-0: Ball 1-0: Ball 2-0: Foul Ball, location: 2F 2-1: Called Strike 2-2: Ball 3-2: Strikes out looking Tsutomu Irie is caught stealing 2nd base 2-6 Batter strikes out.
|
Top of the 5th over - 0 runs, 1 hit, 0 errors, 0 left on base; Los Angeles 9 - St. Louis 2 |
BOTTOM OF THE 5TH |
St. Louis Cardinals batting - Pitching for Los Angeles Dodgers : RHP Ray Scifo
|
Batting: RHB Branden Cavalcante
|
0-0: Swinging Strike 0-1: Ball 1-1: Foul Ball, location: 2F 1-2: Strikes out swinging
|
Batting: RHB Jason Gress
|
0-0: Ball 1-0: Foul Ball, location: 2F 1-1: SINGLE (Groundball, 56D, EV 103.1 MPH)
|
Batting: RHB Dustin Clark
|
0-0: Foul Ball, location: 2F 0-1: Swinging Strike 0-2: Ball 1-2: Ball 2-2: Ball 3-2: Foul Ball, location: 2F 3-2: Base on Balls Jason Gress to second
|
Batting: RHB Nick Gentzel
|
0-0: Called Strike 0-1: Ball 1-1: Foul Ball, location: 2F 1-2: Ball 2-2: Ball 3-2: TRIPLE (Line Drive, 78XD, EV 105.0 MPH) Jason Gress scores Dustin Clark scores
|
Batting: LHB Ben Rubenacker
|
0-0: Ball 1-0: Reached on error, E4 (Groundball, 4, EV 76.2 MPH) Nick Gentzel scores
|
Batting: SHB Antoine Roux
|
0-0: Called Strike 0-1: Ball 1-1: Fly out, F8 (Line Drive, 8LM, EV 87.5 MPH)
|
Batting: LHB Zack Berney
|
0-0: Foul Ball, location: 2F 0-1: Hit by Pitch Ben Rubenacker to second
|
Pitching: RHP Larry Bower
|
|
Batting: RHB Cole Bittner
|
0-0: Called Strike 0-1: Called Strike 0-2: Fly out, F6 (Line Drive, 6, EV 73.1 MPH)
|
Bottom of the 5th over - 3 runs, 2 hits, 1 error, 2 left on base; Los Angeles 9 - St. Louis 5 |
TOP OF THE 6TH |
Los Angeles Dodgers batting - Pitching for St. Louis Cardinals : RHP Andy Montelongo
|
Batting: LHB Lirak Bazhunaishvili
|
0-0: Called Strike 0-1: Ball 1-1: Foul Ball, location: 2F 1-2: Ground out 5-3 (Groundball, 5, EV 101.9 MPH)
|
Batting: RHB Clay Buchanan
|
0-0: Called Strike 0-1: Ball 1-1: Ball 2-1: Called Strike 2-2: Ball 3-2: Foul Ball, location: 2F 3-2: Foul Ball, location: 2F 3-2: Base on Balls
|
Batting: LHB Ryan Taylor
|
0-0: Ball Clay Buchanan steals 2nd base 1-0: Called Strike 1-1: Ball 2-1: Ball 3-1: Called Strike 3-2: Foul Ball, location: 2F 3-2: Ground out 4-3 (Groundball, 4, EV 101.9 MPH) Clay Buchanan to third
|
Batting: SHB Carlos Rodriguez
|
0-0: Swinging Strike 0-1: Ball 1-1: Fly out, F7 (Flyball, 78M, EV 71.9 MPH)
|
Top of the 6th over - 0 runs, 0 hits, 0 errors, 1 left on base; Los Angeles 9 - St. Louis 5 |
BOTTOM OF THE 6TH |
St. Louis Cardinals batting - Pitching for Los Angeles Dodgers : RHP Larry Bower
|
Batting: RHB Pavpv Ivanushkin
|
0-0: Ball 1-0: Ball 2-0: Swinging Strike 2-1: Called Strike 2-2: Strikes out looking
|
Batting: RHB Branden Cavalcante
|
0-0: Called Strike 0-1: Foul Ball, location: 2F 0-2: Strikes out swinging
|
Batting: RHB Jason Gress
|
0-0: Ball 1-0: Ground out 4-3 (Groundball, 4, EV 81.2 MPH)
|
Bottom of the 6th over - 0 runs, 0 hits, 0 errors, 0 left on base; Los Angeles 9 - St. Louis 5 |
TOP OF THE 7TH |
Los Angeles Dodgers batting - Pitching for St. Louis Cardinals : RHP Andy Montelongo
|
Pitching: LHP Nick Getz
|
|
Batting: RHB Ben Mischnick
|
0-0: Foul Ball, location: 2F 0-1: Ball 1-1: Ball 2-1: Foul Ball, location: 2F 2-2: SINGLE (Groundball, 56, EV 97.5 MPH)
|
Pitching: RHP Doug Nickey
|
|
Batting: LHB Dalton Silveira
|
0-0: Called Strike 0-1: Foul Ball, location: 2F 0-2: Ball 1-2: DOUBLE (Line Drive, 78XD, EV 102.5 MPH) Ben Mischnick to third
|
Batting: SHB Joel Baker
|
0-0: Called Strike 0-1: Ball 1-1: Swinging Strike 1-2: Foul Ball, location: 2F 1-2: Strikes out looking
|
Batting: RHB Tsutomu Irie
|
0-0: Called Strike 0-1: Ball 1-1: SINGLE (Groundball, 56D, EV 103.8 MPH) Ben Mischnick scores Dalton Silveira to third
|
Batting: LHB Bob Branham
|
0-0: Ball 1-0: Called Strike Tsutomu Irie steals 2nd base 1-1: Ball 2-1: Fly out, F7 (Flyball, 7D, EV 98.1 MPH)
|
Batting: LHB Lirak Bazhunaishvili
|
0-0: Called Strike 0-1: Ball 1-1: Ball 2-1: Foul Ball, location: 2F 2-2: Ball 3-2: Foul Ball, location: 2F 3-2: Base on Balls
|
Batting: RHB Clay Buchanan
|
0-0: Fly out, F3 (Popup, 3L, EV 73.1 MPH)
|
Top of the 7th over - 1 run, 3 hits, 0 errors, 3 left on base; Los Angeles 10 - St. Louis 5 |
BOTTOM OF THE 7TH |
St. Louis Cardinals batting - Pitching for Los Angeles Dodgers : RHP Larry Bower
|
Batting: RHB Dustin Clark
|
0-0: Ball 1-0: Ball 2-0: Ball 3-0: Base on Balls
|
Batting: RHB Nick Gentzel
|
0-0: Called Strike 0-1: SINGLE (Groundball, 4D, EV 99.4 MPH) Dustin Clark to second Runner from 2nd tries for 3rd, SAFE, throw by CF made to third
|
Batting: LHB Ben Rubenacker
|
0-0: Ball 1-0: Swinging Strike 1-1: Ball 2-1: Called Strike Nick Gentzel steals 2nd base (no throw) 2-2: Ball 3-2: Fly out, F7 (Flyball, 7LM, EV 103.1 MPH) Runner from 3rd tags up, SCORES, no throw by LF
|
Batting: SHB Antoine Roux
|
0-0: Called Strike 0-1: Called Strike 0-2: DOUBLE (Groundball, 5L, EV 96.9 MPH) Nick Gentzel scores
|
Batting: LHB Zack Berney
|
0-0: Called Strike 0-1: Ball 1-1: Called Strike 1-2: Strikes out swinging
|
Batting: RHB Cole Bittner
|
0-0: Ground out 6-3 (Groundball, P, EV 85.6 MPH)
|
Bottom of the 7th over - 2 runs, 2 hits, 0 errors, 1 left on base; Los Angeles 10 - St. Louis 7 |
TOP OF THE 8TH |
Los Angeles Dodgers batting - Pitching for St. Louis Cardinals : RHP Doug Nickey
|
Pitching: RHP Jim Kincaid
|
|
Batting: LHB Ryan Taylor
|
0-0: Swinging Strike 0-1: Ball 1-1: Foul Ball, location: 2F 1-2: Strikes out swinging
|
Batting: SHB Carlos Rodriguez
|
0-0: Swinging Strike 0-1: Swinging Strike 0-2: Strikes out looking
|
Batting: RHB Ben Mischnick
|
0-0: Called Strike 0-1: Swinging Strike 0-2: Ball 1-2: Ball 2-2: Strikes out swinging
|
Top of the 8th over - 0 runs, 0 hits, 0 errors, 0 left on base; Los Angeles 10 - St. Louis 7 |
BOTTOM OF THE 8TH |
St. Louis Cardinals batting - Pitching for Los Angeles Dodgers : RHP Larry Bower
|
Pitching: LHP Lance Crumpton
|
|
Batting: RHB Pavpv Ivanushkin
|
0-0: Foul Ball, location: 2F 0-1: Ball 1-1: Ground out 6-3 (Groundball, 6, EV 88.8 MPH)
|
Batting: RHB Branden Cavalcante
|
0-0: Called Strike 0-1: Swinging Strike 0-2: TRIPLE (Flyball, 9LD, EV 96.2 MPH)
|
Batting: RHB Jason Gress
|
0-0: Ball 1-0: Foul Ball, location: 2F 1-1: Fly out, F7 (Flyball, 7D, EV 97.5 MPH) Runner from 3rd tags up, SCORES, no throw by LF
|
Batting: RHB Dustin Clark
|
0-0: Called Strike 0-1: Foul Ball, location: 2F 0-2: DOUBLE (Line Drive, 7LD, EV 106.9 MPH)
|
Batting: RHB Nick Gentzel
|
0-0: Ball 1-0: Foul Ball, location: 2F 1-1: Ball 2-1: 2-RUN HOME RUN (Flyball, 78XD, EV 96.2 MPH), Distance : 393 ft
|
Pitching: LHP Josh Ramirez
|
|
Pinch Hitting: RHB Sergio Godinez
|
0-0: Swinging Strike 0-1: Fly out, F7 (Flyball, 7LS, EV 73.1 MPH)
|
Bottom of the 8th over - 3 runs, 3 hits, 0 errors, 0 left on base; Los Angeles 10 - St. Louis 10 |
TOP OF THE 9TH |
Los Angeles Dodgers batting - Pitching for St. Louis Cardinals : RHP Jim Kincaid
|
Now at 1B: Rick O'Reilly
|
|
Batting: LHB Dalton Silveira
|
0-0: Ball 1-0: Ball 2-0: Swinging Strike 2-1: Foul Ball, location: 2F 2-2: Ball 3-2: Foul Ball, location: 2F 3-2: Base on Balls
|
Batting: SHB Joel Baker
|
0-0: Ball 1-0: Called Strike 1-1: Foul Ball, location: 2F 1-2: Foul Ball, location: 2F 1-2: Foul Ball, location: 2F 1-2: Fly out, F8 (Flyball, 8LXD, EV 96.9 MPH)
|
Batting: RHB Tsutomu Irie
|
0-0: Ball 1-0: Called Strike 1-1: Foul Ball, location: 2F 1-2: Foul Ball, location: 2F 1-2: Strikes out swinging
|
Batting: LHB Bob Branham
|
0-0: Ball 1-0: SINGLE (Flyball, 89S, EV 96.2 MPH) Dalton Silveira to second Dalton Silveira to third
|
Batting: LHB Lirak Bazhunaishvili
|
0-0: Ball 1-0: Ball 2-0: Ball 3-0: Called Strike 3-1: Foul Ball, location: 2F 3-2: Ground out 1-3 (Groundball, 13S, EV 69.4 MPH)
|
Top of the 9th over - 0 runs, 1 hit, 0 errors, 2 left on base; Los Angeles 10 - St. Louis 10 |
BOTTOM OF THE 9TH |
St. Louis Cardinals batting - Pitching for Los Angeles Dodgers : LHP Josh Ramirez
|
Batting: SHB Antoine Roux
|
0-0: Called Strike 0-1: Called Strike 0-2: Foul Ball, location: 2F 0-2: Ball 1-2: SINGLE (Line Drive, 89S, EV 104.4 MPH)
|
Batting: LHB Zack Berney
|
0-0: Ball 1-0: Ball 2-0: Called Strike 2-1: Ball 3-1: Swinging Strike 3-2: Strikes out swinging
|
Batting: RHB Cole Bittner
|
0-0: Ball 1-0: Ball 2-0: SINGLE (Groundball, 4MD, EV 105.0 MPH) Antoine Roux to second
|
Batting: RHB Pavpv Ivanushkin
|
0-0: Foul Ball, location: 2F 0-1: Called Strike 0-2: Strikes out swinging
|
Batting: RHB Branden Cavalcante
|
0-0: Swinging Strike 0-1: Swinging Strike 0-2: Strikes out swinging
|
Bottom of the 9th over - 0 runs, 2 hits, 0 errors, 2 left on base; Los Angeles 10 - St. Louis 10 |
TOP OF THE 10TH |
Los Angeles Dodgers batting - Pitching for St. Louis Cardinals : RHP Jim Kincaid
|
Pitching: RHP David Silva
|
|
Batting: RHB Clay Buchanan
|
0-0: Called Strike 0-1: Ball 1-1: Reached on error, E6 (Groundball, 6, EV 83.8 MPH)
|
Batting: LHB Ryan Taylor
|
0-0: Called Strike 0-1: Sac Bunt to 2R - play at first, batter safe! Clay Buchanan to second
|
Batting: SHB Carlos Rodriguez
|
0-0: Called Strike 0-1: Ball 1-1: Bunted foul 1-2: Fly out, F7 (Flyball, 78M, EV 88.8 MPH)
|
Batting: RHB Ben Mischnick
|
0-0: Called Strike 0-1: Foul Ball, location: 2F 0-2: Strikes out swinging
|
Batting: LHB Dalton Silveira
|
0-0: Ball 1-0: Foul Ball, location: 2F 1-1: Foul Ball, location: 2F 1-2: SINGLE (Groundball, 4MD, EV 101.2 MPH) (infield hit) Clay Buchanan to third Ryan Taylor to second
|
Batting: SHB Joel Baker
|
0-0: GRAND SLAM HOME RUN (Flyball, 7LD, EV 91.9 MPH), Distance : 355 ft
|
Pitching: LHP Michael Colin
|
|
Batting: RHB Tsutomu Irie
|
0-0: Foul Ball, location: 2F 0-1: Ball 1-1: Called Strike 1-2: Fly out, F8 (Flyball, 78S, EV 80.6 MPH)
|
Top of the 10th over - 4 runs, 3 hits, 1 error, 0 left on base; Los Angeles 14 - St. Louis 10 |
BOTTOM OF THE 10TH |
St. Louis Cardinals batting - Pitching for Los Angeles Dodgers : LHP Josh Ramirez
|
Batting: RHB Jason Gress
|
0-0: Ball 1-0: Ball 2-0: Called Strike 2-1: Ball 3-1: SINGLE (Flyball, 8LS, EV 89.4 MPH)
|
Batting: RHB Dustin Clark
|
0-0: Ball 1-0: Foul Ball, location: 2F 1-1: Ball 2-1: Foul Ball, location: 2F 2-2: Foul Ball, location: 2F 2-2: Foul Ball, location: 2F 2-2: Foul Ball, location: 2F 2-2: Fly out, F6 (Flyball, 56D, EV 90.0 MPH)
|
Batting: RHB Nick Gentzel
|
0-0: Ball 1-0: SINGLE (Groundball, 15S, EV 73.1 MPH) (infield hit) Jason Gress to second
|
Batting: RHB Rick O'Reilly
|
0-0: Swinging Strike 0-1: Ball 1-1: Ball 2-1: Foul Ball, location: 2F 2-2: Foul Ball, location: 2F 2-2: Ball 3-2: Foul Ball, location: 2F 3-2: Grounds into double play, 6-4-3 (Groundball, 6, EV 83.8 MPH)
|
Bottom of the 10th over - 0 runs, 2 hits, 0 errors, 1 left on base; Los Angeles 14 - St. Louis 10 |
|